 Dungeon Crawl Stone Soup version 0.29-a0-857-g9b1aa3ac5b (webtiles) character file.

Game seed: 17664604496624541508

149 yokelz the Chopper (level 5, 0/45 HPs)
             Began as a Minotaur Berserker on July 16, 2022.
             Was a Believer of Trog.
             Succumbed to Sigmund's poison
             ... on level 3 of the Dungeon.
             The game lasted 00:03:14 (2424 turns).

yokelz the Chopper (Minotaur Berserker)             Turns: 2424, Time: 00:03:15

Health: 0/45       AC:  3    Str: 23    XL:     5   Next: 9%
Magic:  4/4        EV: 11    Int:  4    God:    Trog [**....]
Gold:   125        SH:  0    Dex: 10    Spells: 4/4 levels left

rFire   . . .      SeeInvis .   s - +2 dagger (speed)
rCold   . . .      Faith    .   (no shield)
rNeg    . . .      Spirit   .   d - +0 leather armour
rPois   .          Reflect  .   (helmet restricted)
rElec   .          Harm     .   (no cloak)
rCorr   .          Rampage  .   (no gloves)
Will    .....                   (no boots)
Stlth   +.........              (no amulet)
HPRegen 0.15/turn               (no ring)
MPRegen 0.09/turn               (no ring)

@: lethally poisoned (0 -> -10)
A: horns 2, retaliatory headbutt
a: Renounce Religion, Berserk, Trog's Hand


You were on level 3 of the Dungeon.
You worshipped Trog.
Trog was pleased with you.
You visited 1 branch of the dungeon, and saw 3 of its levels.

You collected 125 gold pieces.

Inventory:

Hand Weapons
 a - a +0 hand axe
 f - a +4 short sword
 s - a +2 dagger of speed (weapon)
Missiles
 g - 2 poisoned darts (quivered)
Armour
 b - a +0 animal skin
 d - a +0 leather armour (worn)
 x - a +0 pair of gloves
Wands
 u - a wand of mindburst (19)
Scrolls
 h - a scroll of poison {unknown}
 i - a scroll of immolation {unknown}
 l - a scroll of enchant armour {unknown}
 m - a scroll of blinking
 q - a scroll of fog {unknown}
 r - 4 scrolls of identify {unknown}
Potions
 c - a potion of haste {unknown}
 e - a potion of curing {unknown}
 j - a potion of resistance {unknown}
 k - 2 potions of might {unknown}
 n - a potion of mutation {unknown}
 o - a potion of invisibility {unknown}
 p - 3 potions of lignification {unknown}
 t - a potion of degeneration {unknown}
 v - a potion of attraction {unknown}
 w - 2 potions of cancellation {unknown}


   Skills:
 + Level 3.6 Fighting
 + Level 7.0 Axes
 + Level 2.4 Armour
 - Level 2.1 Dodging


You had 4 spell levels left.
You didn't know any spells.
Your spell library was empty.

Dungeon Overview and Level Annotations

Branches:
Dungeon (3/15)

Altars:

Shops:
D:3 (

Annotations:
D:3 Sigmund


Innate Abilities, Weirdness & Mutations

You have a pair of horns on your head.
You reflexively headbutt those who attack you in melee.


Message History

You see here a +0 pair of gloves.
x - a +0 pair of gloves
There is a stone staircase leading down here.
Sigmund the Dreaded comes into view.
He is wielding a +1 scythe of venom.
Sigmund mumbles some strange words.
Sigmund flickers and vanishes!
Deactivating autopickup; reactivate with Ctrl-A.
Something hits you. Something hits you.
You are poisoned.
You feel very sick. Something hits you.
You are more poisoned.
You feel very sick.
You feel very sick.
You hear some strange, mumbled words.
A magic dart appears from out of thin air!
The magic dart hits you.
You hit something. Your headbutt misses something.
You feel sick. Something hits you.
You are lethally poisoned!
You hit something.
* * * LOW HITPOINT WARNING * * *
You feel very sick.
You closely miss something. Your headbutt misses something.
* * * LOW HITPOINT WARNING * * *
You feel very sick. Something hits you.
* * * LOW HITPOINT WARNING * * *
You closely miss something.
* * * LOW HITPOINT WARNING * * *
You feel very sick.
You closely miss something.
* * * LOW HITPOINT WARNING * * *
You feel sick. Something barely misses you.
You barely miss something.
* * * LOW HITPOINT WARNING * * *
You feel sick.
You miss something.
You die...

.#.#.##.#..#.(#
...............######
...####.#...........
.......#.##..###### #..
.......... . #
#.####.#.##..###### ...
#.#.# ......#........
....#.#.####.#..#....>...
........@{.........#####.
................#### #.
..........#..#..# #.
......#.#.#..#..########.
......................##.
....................).)..
#....##.#.#......).....#.
#..#. ..........#####..#.
#### ##.#.##..... ......


There were no monsters in sight!

Vanquished Creatures
  Jessica (D:2)
  Terence (D:2)
  A gnoll (D:1)
  4 adders
  A worm (D:2)
  A dart slug (D:1)
  A ball python (D:1)
  4 endoplasms
  6 giant cockroaches
  5 goblins
  7 hobgoblins
  4 jackals (D:1)
  A quokka (D:3)
  4 bats
  A frilled lizard (D:1)
  4 kobolds
  3 rats
49 creatures vanquished.

Notes
Turn   | Place    | Note
-------+----------+-------------------------------------------
     0 | D:1      | yokelz the Minotaur Berserker began the quest for the Orb.
     0 | D:1      | Reached XP level 1. HP: 19/19 MP: 0/0
    44 | D:1      | Reached skill level 4 in Axes
   417 | D:1      | Reached XP level 2. HP: 26/26 MP: 1/1
   920 | D:1      | Reached skill level 5 in Axes
   937 | D:1      | Found a faded altar of an unknown god.
  1021 | D:1      | Reached XP level 3. HP: 11/31 MP: 2/2
  1542 | D:2      | Noticed Jessica
  1548 | D:2      | Killed Jessica
  1549 | D:2      | Reached skill level 6 in Axes
  1549 | D:2      | Reached XP level 4. HP: 39/39 MP: 3/3
  1557 | D:2      | Reached ** piety under Trog
  1709 | D:2      | Noticed Terence
  1714 | D:2      | Killed Terence
  2201 | D:2      | You fall into a shaft and drop 1 floor!
  2202 | D:3      | Found Lelopp's Antique Weapon Shop.
  2249 | D:3      | Reached skill level 7 in Axes
  2249 | D:3      | Reached XP level 5. HP: 45/45 MP: 4/4
  2409 | D:3      | Noticed Sigmund
  2422 | D:3      | HP: 2/45 [poisoned by Sigmund]
  2424 | D:3      | Succumbed to Sigmund's poison

Illustrated notes

Levels and vault maps discovered:
D:1:      mrwooster_arrival_statue_2, layout_loops_ring, basic_ecumenical_altar
D:2:      layout_basic, mrwooster_statue_mirror, minmay_split_cup_large,
          uniq_jessica, uniq_terence
D:3:      layout_basic, serial_shops, nicolae_lakefront_shop, minivault_27,
          minivault_26, uniq_sigmund

Skill      XL: |  1  2  3  4 |
---------------+-------------+-----
Axes           | 4 5 6 7 |  7.0
Fighting       | |  3.6
Armour         | |  2.4
Dodging        | |  2.1

Action                   |  1- 3 |  4- 6 || total
-------------------------+-------+-------++-------
Melee: Hand axe          |    15 |       ||    15
       Headbutt          |    13 |     8 ||    21
       Short sword       |    40 |       ||    40
       Dagger            |     5 |    63 ||    68
Invok: Berserk           |     1 |     1 ||     2
  Use: Scroll            |     1 |       ||     1
Armor: Leather armour    |     9 |    17 ||    26
Dodge: Dodged            |    34 |    22 ||    56

Table legend: (Time is in decaauts)
 A = Elapsed time spent in this place.
 B = Non-inter-level travel time spent in this place.
 C = Inter-level travel time spent in this place.
 D = Time resting spent in this place.
 E = Time spent auto-exploring this place.
 F = Levels seen in this place.
 G = Mean time per level.
                   A        B        C        D        E       F      G
               +--------+--------+--------+--------+--------+-----+--------+
         Total |   2428 |   2397 |     31 |    350 |   1700 |   3 |  809.3 |
       Dungeon |   2428 |   2397 |     31 |    350 |   1700 |   3 |  809.3 |
               +--------+--------+--------+--------+--------+-----+--------+

Top non-repeatable levels by time:
     D:1: 1406 daAuts
     D:2: 806 daAuts
     D:3: 214 daAuts
